 Dungeon Crawl Stone Soup version 0.30-b1-2-g02819fbbbe (webtiles) character file.

Game seed: 8787906406819839240

2 Mesmaeker13 the Insei (level 1, -1/13 HPs)
             Began as an Octopode Transmuter on May 13, 2023.
             Slain by a quokka (5 damage)
             ... on level 1 of the Dungeon.
             The game lasted 00:00:18 (44 turns).

Mesmaeker13 the Insei (Octopode Transmuter)           Turns: 44, Time: 00:00:18

Health: -1/13      AC:  1    Str:  9    XL:     1   Next: 40%
Magic:  1/3        EV: 13    Int: 15    God:
Gold:   0          SH:  0    Dex: 12    Spells: 3/4 levels left

rFire   . .          .
                       - Unarmed
rCold   . . .        (no shield)
rNeg    . . .        (helmet currently unavailable)
rPois   .            (no amulet)
rElec   .            (no ring)
rCorr   .            (no ring)
SInv    .            (no ring)
Will    .....        (no ring)
Stlth   ++           (no ring)
HPRegen 0.22/turn    (no ring)
MPRegen 0.08/turn    (no ring)
                     (no ring)

%: no passive effects
@: appendages
A: tentacle spike 3, almost no armour, amphibious, 8 rings, camouflage 1,
gelatinous body 1, (nimble swimmer 1), tentacles
a: End Transformation


You were on level 1 of the Dungeon.
One of your tentacles had grown a beastly spike.
You visited 1 branch of the dungeon, and saw 1 of its levels.

Inventory:

Potions
 a - a potion of lignification


   Skills:
 + Level 1.1 Fighting
 - Level 2.0 Dodging
 + Level 3.0 Unarmed Combat
 - Level 2.0 Spellcasting
 + Level 2.0 Transmutations


You had 3 spell levels left.
You knew the following spells:

 Your Spells              Type           Power      Damage    Failure   Level
a - Beastly Appendage     Tmut           14%        N/A       10%         1

Your spell library contained the following spells:

 Spells                   Type           Power      Damage    Failure   Level
 Wereblood                Tmut           7%         N/A       14%         2
 Spider Form              Tmut/Pois      4%         N/A       41%         3
 Ice Form                 Ice/Tmut       4%         N/A       82%         4


Dungeon Overview and Level Annotations

Branches:
Dungeon (1/15)

Altars:


Innate Abilities, Weirdness & Mutations

One of your tentacles has grown a beastly spike.
You cannot wear most types of armour.
You are amphibious.
You can wear up to eight rings at the same time.
Your skin changes colour to match your surroundings (Stealth+).
Your rubbery body absorbs attacks. (AC +1, EV +1)
((You are camouflaged when in or above water. (Stealth+)))
You have tentacles for arms and can constrict up to eight enemies at once.


Message History

The ball python bites you. The ball python grabs you.
The ball python constricts you.
Your magical contamination has completely faded away.
You tentacle-slap the ball python.
You kill the ball python!
The bat hits you. The bat completely misses you.
You barely miss the bat. You grab the bat.
You constrict the bat, but do no damage.
The bat hits you but does no damage. The bat barely misses you.
The bat escapes!
A bat comes into view.
Found a pair of boots.
The bat misses you. The bat barely misses you. The quokka barely misses you.
You tentacle-slap the bat but do no damage.
Your grab misses the bat.
Your tentacle spike misses the bat.
The bat misses you.
You miss the bat. You grab the bat. You constrict the bat.
The bat hits you but does no damage. The bat closely misses you.
You tentacle-slap the bat but do no damage.
You pierce the bat.
You kill the bat!
The bat barely misses you.
You tentacle-slap the kobold but do no damage.
Your grab misses the kobold.
You pierce the kobold.
You kill the kobold!
The bat hits you but does no damage. The bat closely misses you.
You closely miss the bat. Your grab misses the bat.
Your tentacle-slap misses the bat.
The bat hits you.
You tentacle-slap the quokka but do no damage.
Your grab misses the quokka.
Your tentacle spike misses the quokka.
Your squeeze misses the quokka.
Your tentacle spike disappears.
The quokka bites you but does no damage.
The quokka bites you.
Unknown command.
Casting: Beastly Appendage (safe; 10% risk of failure)
Confirm with . or Enter, or press ? or * to list all spells.
One of your tentacles grows a vicious spike.
The quokka bites you.
You die...

#...... .......
......[ . .......
. .....b. ### .# .
....... ..# #.#..
.......###.##.....
......br@)........
....######.....#.
. #...#....
#........
#>.......
#.$......
...#.....
...##.... ....
....


You could see a quokka and a bat.

Vanquished Creatures
  A kobold (D:1)
  A ball python (D:1)
  A bat (D:1)
3 creatures vanquished.

Notes
Turn   | Place    | Note
-------+----------+-------------------------------------------
     0 | D:1      | Mesmaeker13 the Octopode Transmuter began the quest for the
                  | Orb.
     0 | D:1      | Reached XP level 1. HP: 13/13 MP: 3/3
    44 | D:1      | Slain by a quokka

Illustrated notes

Levels and vault maps discovered:
D:1:      lemuel_arrival_behind_the_door_small, layout_rooms

Action                     || total
---------------------------++-------
  Melee: Unarmed           ||    10
         Constrict         ||     2
         Kick              ||     2
   Cast: Beastly Appendage ||     2
 Armour: Skin              ||     5
  Dodge: Dodged            ||    12
